Map: Acropolis LE

Players

GhostHell - Winner!

  • Race: Zerg Zerg
  • Spawn Location: 5:00

sleepCOW

  • Race: Zerg Zerg
  • Spawn Location: 11:00

Event: 2019 WCS Summer

VOD

Have the link to the VOD?

Description

Time

  • Played on: July 12, 2019, 9:04 a.m.
  • Length: 8:16

All games in this series

Show
View Real Time Build Order
Export as new Build Order

GhostHell Zerg - Winner!

Build Orders: Pool First 

Get SALT Encoding   

  12  0:00  Drone  
  13  0:13  Overlord  
  13  0:18  Drone  
  14  0:32  Drone  
  14  0:33  Drone  
  16  0:37  Drone  
  17  0:46  Extractor  
  17  0:48  Spawning Pool  
  15  0:51  Drone  
  15  0:57  Drone  
  17  1:08  Drone  
  18  1:23  Drone  
  19  1:26  Hatchery  
  18  1:35  Zergling x2, Queen  
  21  1:40  Zergling x2  
  22  1:47  Metabolic Boost  
  22  1:52  Overlord  
  22  2:10  Queen  
  22  2:14  Drone  
  22  2:15  Drone  
  26  2:26  Evolution Chamber  
  26  2:30  Drone  
  26  2:37  Drone  
  26  2:42  Drone  
  27  2:53  Hatchery  
  27  2:55  Drone x2  
  27  2:56  Drone  
  28  3:04  Zerg Melee Weapons Level 1  
  28  3:05  Drone x2  
  30  3:11  Zergling x4  
  30  3:12  Zergling x2  
  33  3:21  Overlord  
  33  3:23  Zergling x2  
  33  3:24  Zergling x4  
  36  3:46  Baneling Nest  
  36  3:47  Drone x2  
  37  3:49  Drone  
  37  3:50  Drone x2  
  37  3:53  Zergling x8  
  37  3:55  Overlord  
  44  4:08  Zergling x2  
  44  4:09  Zergling x2  
  45  4:16  Zergling x10  
  48  4:24  Queen  
  47  4:25  Zergling x10  
  54  4:32  Baneling  
  54  4:33  Baneling x3  
  54  4:34  Drone, Overlord  
  54  4:38  Zergling x2  
  56  4:39  Drone x2  
  53  4:58  Zergling x18  
  55  5:09  Zergling x4  
  55  5:11  Baneling  
  54  5:16  Zergling x2  
  54  5:17  Zergling x4  
  54  5:20  Extractor  
  54  5:32  Baneling x2  
  54  5:33  Drone x2  
  54  5:35  Zergling x8  
  58  5:36  Drone  
  58  5:39  Extractor  
  57  5:46  Drone x3  
  57  5:54  Drone x3  
  57  5:59  Zerg Ground Armor Level 1  
  57  6:05  Roach Warren  
  57  6:09  Drone  
  57  6:10  Drone x2  
  55  6:13  Drone, Lair  
  55  6:15  Drone  
  55  6:17  Zergling x6  
  57  6:19  Zergling x18  
  63  6:46  Roach  
  64  6:47  Overlord  
  64  6:48  Overlord x2  
  64  6:51  Spine Crawler, Overlord  
  64  6:52  Spine Crawler  
  64  6:53  Roach x2  
  66  6:57  Overlord  
  66  7:00  Overlord  
  65  7:11  Roach x9  
  82  7:17  Spine Crawler  
  82  7:20  Roach  
  82  7:21  Roach x3  
  83  7:28  Zergling x10  
  81  7:32  Zergling x4  
  69  7:47  Roach x4  
  69  7:48  Roach  
  69  7:51  Zergling x2  
  74  8:00  Ravager x2  
Show
View Real Time Build Order
Export as new Build Order

sleepCOW Zerg 

Build Orders: Hatch First 

Get SALT Encoding   

  12  0:01  Drone  
  13  0:12  Overlord  
  13  0:16  Drone  
  14  0:30  Drone x2  
  16  0:47  Hatchery  
  15  0:51  Drone  
  15  0:55  Drone  
  17  0:58  Drone  
  18  1:09  Extractor  
  17  1:14  Spawning Pool  
  17  1:16  Drone  
  17  1:19  Drone  
  18  1:28  Drone  
  19  1:40  Drone  
  20  1:51  Drone  
  21  1:59  Drone  
  21  2:00  Overlord  
  22  2:01  Queen x2  
  26  2:12  Metabolic Boost  
  26  2:13  Zergling x4  
  28  2:21  Drone  
  29  2:25  Drone  
  30  2:34  Drone x2  
  31  2:46  Drone x2  
  33  2:53  Baneling Nest  
  33  2:55  Hatchery  
  33  2:57  Drone x2  
  31  3:03  Overlord  
  31  3:10  Zergling x2  
  32  3:13  Queen  
  32  3:15  Overlord  
  32  3:18  Drone  
  35  3:24  Drone x3  
  38  3:31  Drone x2  
  38  3:32  Evolution Chamber  
  39  3:36  Drone x2  
  39  3:39  Zergling x2  
  42  3:41  Baneling  
  42  3:53  Drone x2  
  42  3:55  Drone, Extractor  
  45  3:57  Drone x3  
  45  4:02  Zergling x4  
  49  4:07  Queen  
  48  4:10  Zergling x2  
  48  4:11  Zergling x2  
  48  4:25  Baneling x2  
  48  4:26  Baneling  
  48  4:31  Queen, Roach Warren  
  47  4:32  Overlord  
  47  4:33  Zergling x8  
  47  4:36  Baneling x2  
  53  4:38  Zergling x2  
  53  4:43  Zergling x8  
  57  4:49  Zergling x2  
  57  4:50  Baneling  
  57  5:03  Queen  
  57  5:06  Zergling x2  
  52  5:07  Zergling x8  
  52  5:11  Baneling  
  32  5:21  Roach x3  
  37  5:39  Queen  
  37  5:41  Roach  
  37  5:42  Roach x3  
  41  5:57  Roach  
  41  5:58  Roach x2  
  41  5:59  Roach  
  41  6:00  Roach  
  51  6:07  Roach x2  
  55  6:17  Ravager  
  56  6:26  Zergling x8  
  56  6:31  Overlord  
  59  6:49  Zergling x4  
  59  6:50  Zergling x8  
  64  7:02  Zergling x4  
  64  7:06  Zergling x4  
  66  7:19  Zergling x4  
  59  7:32  Zergling x8  
  60  7:41  Zergling x2  
  53  7:48  Zergling x4  
  35  7:59  Zergling x2  
Tags
 
Add a new tag
Caveats
  • Supply blocks, unpowered buildings, or Contaminate may cause inaccurate times.
  • Supply counts are checked every 10 seconds.